 Dungeon Sprint DCSS version 0.31-a0-662-g684573625c (webtiles) character file.

Game seed: 13397982127934067873

527 sircluck the Grappler (level 7, -5/118 HPs)
             Began as a Troll Berserker on Aug 31, 2023.
             Was a Believer of Trog.
             Slain by a wyvern (10 damage)
             ... in the Dungeon (Sprint II: "The Violet Keep of Menkaure").
             The game lasted 00:00:31 (85 turns).

sircluck the Grappler (Troll Berserker)               Turns: 85, Time: 00:00:31

Health: -5/118     AC:  4    Str: 28    XL:     7   Next: 3%
Magic:  6/6        EV: 11    Int:  3    God:    Trog [**....]
Gold:   243        SH:  0    Dex:  9    Spells: 6/6 levels left

rFire   . .          .
                       - Unarmed
rCold   . . .        (no shield)
rNeg    . . .        a - +0 animal skin
rPois   .            (helmet restricted)
rElec   .            (no cloak)
rCorr   .            (gloves unavailable)
SInv    .            (boots unavailable)
Will    .....        (no amulet) Stlth
                     (no ring)
HPRegen 1.19/turn    (no ring)
MPRegen 0.10/turn

%: no teleportation
@: berserking, very quick
A: large, unfitting armour, claws 3, regeneration 1, shaggy fur 1, tough skin 1
a: Renounce Religion, Berserk, Trog's Hand


You were in the Dungeon.
You worshipped Trog.
Trog was pleased with you.
You visited 1 branch You collected 243 gold pieces.

Inventory:

Armour
 a - a +0 animal skin (worn)
Scrolls
 g - a scroll of blinking
Potions
 b - a potion of curing
 c - a potion of heal wounds
 d - a potion of haste
 e - 2 potions of magic
 f - a potion of berserk rage


   Skills:
 + Level 7.8 Fighting
 + Level 7.7 Dodging
 + Level 9.2 Unarmed Combat


You had 6 spell levels left.
You didn't know any spells.
Your spell library was empty.

Dungeon Overview and Level Annotations

Branches:
Dungeon (1/1)

Altars:

Shops:
D [!=:=:[(?==

Annotations:
D exclusion: ice statue, Roxanne


Innate Abilities, Weirdness & Mutations

You are too large for most types of armour.
You have claws for hands.
Your natural rate of healing is unusually fast.
You are covered in fur. (AC +1)
You have tough skin. (AC +1)


Message History

The shining eye turns its gaze towards you.
A water moccasin comes into view.
The water moccasin hisses angrily.
The water moccasin closely misses you. The water moccasin bites you.
You mangle the water moccasin!!
You kill the water moccasin!
Trog accepts your kill.
You have reached level 7!
You see here a water moccasin corpse.
Marking area around an ice statue as unsafe for travelling.
As you open the door, it creaks loudly! 2 wyverns come into view.
The wyvern hisses angrily.
The wyvern closely misses you. The wyvern completely misses you.
The wyvern misses you. The wyvern closely misses you.
There is an open door here.
You claw the wyvern!
The wyvern is moderately wounded.
The wyvern bites you! The wyvern bites you.
You scratch the wyvern but do no damage.
The wyvern is moderately wounded.
The wyvern bites you! The wyvern bites you.
You are too injured to fight recklessly!
You are too injured to fight recklessly!
You are too injured to fight recklessly!
You are too injured to fight recklessly!
You are too injured to fight recklessly!
You are too injured to fight recklessly!
You are too injured to fight recklessly!
You are too injured to fight recklessly!
You are too injured to fight recklessly!
You scratch the wyvern but do no damage.
The wyvern is moderately wounded.
The wyvern bites you. The wyvern bites you!!
* * * LOW HITPOINT WARNING * * *
A red film seems to cover your vision as you go berserk!
You feel yourself moving faster!
You feel mighty! The wyvern bites you!
* * * LOW HITPOINT WARNING * * *
The wyvern bites you!
You die...

###~~#+++#+++##
##~~~.........#
.#~~~~.##'##..#
.#~~~~##...##.####
.#~~~~#.)#..#....#
.#~~####...####..##
.#~## ##'###.##..#
.#~# ##.## #.#..#
.+~+ +.<.+ #l@.###
.#~# ##.##
#.#l...###. ##~##
#+# #.##...§..~~
##~~### ###~~..§..~#
##~~~# #~~§§~~~.§~#
#+#†## ##§§§~~~§~.§#
#~~##+##§~§≈≈≈§§~~~#
##~~~~~~§~~~≈≈≈≈~§~#
#+++#+++#~≈≈§§≈≈≈~#


You could see 2 wyverns.

Vanquished Creatures
  A merfolk siren (D)
  Menkaure (D)
  A water moccasin (D)
3 creatures vanquished.

Notes
Turn   | Place    | Note
-------+----------+-------------------------------------------
     0 | D        | sircluck the Troll Berserker began the quest for the Orb.
     0 | D        | Reached XP level 1. HP: 22/22 MP: 0/0
     1 | D        | Noticed a merfolk siren
    22 | D        | Killed a merfolk siren
    23 | D        | Reached skill level 8 in Unarmed Combat
    23 | D        | Reached XP level 2. HP: 11/40 MP: 1/1
    23 | D        | Reached XP level 3. HP: 13/46 MP: 2/2
    23 | D        | Reached XP level 4. HP: 16/55 MP: 3/3
    23 | D        | Reached XP level 5. HP: 18/62 MP: 4/4
    23 | D        | Reached XP level 6. HP: 21/71 MP: 5/5
    28 | D        | Noticed Roxanne
    29 | D        | Noticed Menkaure
    34 | D        | Killed Menkaure
    34 | D        | Reached ** piety under Trog
    35 | D        | Reached skill level 9 in Unarmed Combat
    39 | D        | Found Ohaerupt's Jewellery Boutique.
    39 | D        | Found Bizur's Jewellery Shop.
    41 | D        | Found Megun's Antique Armour Shop.
    41 | D        | Found Terarump's Antique Weapon Boutique.
    41 | D        | Found Sownipt's Magic Scroll Shop.
    43 | D        | Found Foyxtid's Book Shop.
    43 | D        | Found Vyulu's Jewellery Boutique.
    43 | D        | Found Hena Kisemn's Jewellery Boutique.
    43 | D        | Found Unwotoej's Book Shop.
    45 | D        | Found Popsirph's Distillery.
    45 | D        | Found Ahad's Antique Armour Shop.
    45 | D        | Noticed a shining eye
    45 | D        | Noticed a shining eye
    52 | D        | Noticed a water moccasin
    55 | D        | Killed a water moccasin
    56 | D        | Reached XP level 7. HP: 37/79 MP: 6/6
    59 | D        | Noticed an ice statue
    79 | D        | Noticed a wyvern
    79 | D        | Noticed a wyvern
    85 | D        | HP: 5/118 [wyvern (15)]
    85 | D        | Slain by a wyvern

Illustrated notes

Levels and vault maps discovered:
D:        the_violet_keep_of_menkaure [sprint2_stairs_cluster_1,
          sprint2_shoproom, sprint2_temple, sprint2_basic_supplies,
          sprint2_obstacle_2, sprint2_obstacle_5, sprint2_obstacle_6,
          sprint2_obstacle_1, sprint2_obstacle_4, sprint2_timed_cluster_1,
          sprint2_smallroom_cluster_1, sprint2_smallroom_final_cluster_1,
          sprint2_transparent_cluster_1, sprint2_second_timed_cluster_1,
          sprint2_sniper_area_1, sprint2_heavy_combat_area_1,
          sprint2_mutation_trap_area_1, sprint2_forest_area_1,
          sprint2_light_combat_area_1, sprint2_behind_water_1,
          sprint2_near_end_vault_1]

Skill      XL: |  1  2  3  4  5  6 |
---------------+-------------------+-----
Fighting       | 7 |  7.8
Dodging        | 7 |  7.7
Unarmed Combat | 8 9 |  9.2

Action                     |  1- 3 |  4- 6 |  7- 9 || total
---------------------------+-------+-------+-------++-------
  Melee: Unarmed           |    19 |     5 |     3 ||    27
 Invoke: Berserk           |       |       |     1 ||     1
 Armour: Animal skin       |     2 |     3 |     8 ||    13
  Dodge: Dodged            |     2 |     2 |     4 ||     8

Table legend: (Time is in decaauts)
 A = Elapsed time spent in this place.
 B = Non-inter-level travel time spent in this place.
 C = Inter-level travel time spent in this place.
 D = Time resting spent in this place.
 E = Time spent auto-exploring this place.
 F = Levels seen in this place.
 G = Mean time per level.
                   A        B        C        D        E       F      G
               +--------+--------+--------+--------+--------+-----+--------+
         Total |     82 |     82 |      0 |      0 |      1 |   1 |   82.0 |
       Dungeon |     82 |     82 |      0 |      0 |      1 |   1 |   82.0 |
               +--------+--------+--------+--------+--------+-----+--------+

Top non-repeatable levels by time:
       D: 82 daAuts
